Map: Odyssey LE

Players

Aelith

  • Race: Zerg Zerg
  • Spawn Location: 5:00

Elroye - Winner!

  • Race: Zerg Zerg
  • Spawn Location: 11:00

Event: WCS Valencia 2017

VOD

Have the link to the VOD?

Description

Time

  • Played on: July 13, 2017, 7:40 a.m.
  • Length: 10:00

All games in this series

Show
View Real Time Build Order
Export as new Build Order

Aelith Zerg 

Build Orders: Pool First 

Get SALT Encoding   

  12  0:00  Drone  
  13  0:08  Drone  
  13  0:14  Extractor  
  13  0:16  Drone  
  14  0:33  Spawning Pool  
  13  0:37  Drone  
  14  0:45  Overlord  
  14  0:52  Extractor  
  14  0:53  Drone  
  15  1:19  Metabolic Boost  
  15  1:20  Zergling x6  
  18  1:28  Queen  
  18  1:32  Zergling x2  
  21  1:41  Baneling Nest  
  21  1:45  Zergling x2  
  21  1:52  Zergling x2  
  22  2:15  Hatchery  
  21  2:27  Overlord  
  21  2:28  Baneling x2  
  21  2:32  Drone  
  21  2:45  Drone x2  
  21  2:50  Drone x2  
  22  3:02  Drone x2  
  23  3:08  Queen  
  23  3:12  Zergling x2  
  26  3:22  Drone x2  
  28  3:28  Drone  
  28  3:29  Zergling x2  
  30  3:34  Drone  
  31  3:41  Zergling x2  
  32  3:49  Drone x2  
  32  3:52  Baneling x2  
  32  3:53  Lair  
  32  3:55  Extractor, Drone  
  34  3:57  Drone  
  34  4:00  Drone  
  35  4:04  Zergling x2  
  35  4:08  Baneling x2  
  35  4:11  Spine Crawler  
  35  4:13  Zergling x2  
  35  4:16  Zergling x2  
  31  4:39  Zergling x2  
  31  4:40  Zergling x6  
  31  4:44  Drone x3  
  34  4:47  Drone  
  34  4:50  Overlord  
  35  5:03  Spire  
  35  5:05  Extractor  
  33  5:09  Drone x5  
  33  5:12  Baneling  
  33  5:13  Baneling  
  38  5:16  Drone  
  38  5:20  Drone  
  40  5:22  Drone  
  41  5:34  Drone x3  
  44  5:44  Drone  
  44  5:45  Drone  
  44  5:49  Extractor  
  42  5:54  Zergling x2  
  42  5:55  Overlord x2  
  43  6:20  Mutalisk x5  
  43  6:23  Drone  
  43  6:24  Drone  
  56  6:25  Drone  
  56  6:27  Zergling x6  
  56  6:32  Overlord  
  59  6:41  Zerg Flyer Armor Level 1  
  59  6:47  Hatchery  
  59  6:49  Overlord  
  58  6:57  Mutalisk x2  
  62  7:05  Mutalisk  
  63  7:12  Drone x3  
  63  7:13  Drone x2  
  68  7:17  Drone x2  
  65  7:30  Mutalisk x3  
  65  7:34  Zergling x4  
  65  7:35  Zergling x4  
  74  7:41  Extractor x2  
  70  7:46  Overlord  
  70  7:47  Overlord  
  70  7:48  Spore Crawler  
  68  7:59  Spore Crawler  
  68  8:00  Mutalisk x2  
  71  8:10  Drone x3  
  71  8:11  Drone  
  75  8:18  Mutalisk x2  
  79  8:20  Mutalisk  
  81  8:27  Overlord  
  81  8:34  Spore Crawler  
  80  8:39  Mutalisk  
  80  8:49  Mutalisk x2  
  80  8:50  Mutalisk  
  80  8:54  Drone x2  
  88  8:58  Mutalisk  
  90  9:07  Overlord  
  89  9:22  Overlord  
  85  9:28  Extractor, Mutalisk x2  
  85  9:29  Mutalisk x3  
  92  9:36  Mutalisk  
  92  9:37  Zergling x2  
  92  9:38  Zergling x4  
Show
View Real Time Build Order
Export as new Build Order

Elroye Zerg - Winner!

Build Orders: Hatch First 

Get SALT Encoding   

  12  0:01  Drone  
  13  0:13  Overlord  
  13  0:17  Drone  
  14  0:32  Drone x2  
  16  0:37  Drone  
  17  0:52  Hatchery  
  17  0:56  Drone  
  17  0:59  Drone  
  18  1:05  Extractor  
  17  1:15  Spawning Pool  
  17  1:17  Drone  
  17  1:20  Drone  
  18  1:29  Drone  
  19  1:41  Overlord  
  19  2:02  Zergling x4  
  19  2:03  Queen  
  19  2:04  Queen  
  19  2:05  Zergling x2  
  26  2:08  Baneling Nest  
  26  2:12  Zergling x2  
  26  2:20  Spine Crawler  
  26  2:21  Zergling x2  
  26  2:27  Zergling x2  
  26  2:28  Zergling x2  
  28  2:36  Metabolic Boost  
  28  2:41  Zergling x2  
  25  2:50  Zergling x4  
  25  2:53  Zergling x2  
  24  3:01  Baneling x2  
  23  3:06  Baneling  
  23  3:11  Zergling x2  
  24  3:24  Baneling  
  24  3:30  Drone x4  
  28  3:42  Overlord  
  28  3:58  Overlord  
  28  4:08  Drone  
  28  4:09  Drone x5  
  34  4:10  Drone  
  34  4:14  Drone  
  35  4:30  Drone  
  32  4:46  Drone  
  32  4:47  Drone x5  
  32  4:48  Lair  
  32  4:52  Extractor  
  36  4:54  Hatchery  
  36  4:58  Drone x2  
  37  5:01  Drone  
  37  5:03  Zergling x2  
  39  5:07  Zergling x2  
  39  5:10  Drone x2  
  39  5:13  Zergling x2  
  39  5:14  Extractor  
  42  5:17  Drone x2  
  44  5:21  Baneling  
  44  5:25  Overlord  
  44  5:27  Extractor  
  42  5:46  Drone x2  
  42  5:48  Spire  
  43  5:50  Drone x5  
  43  5:52  Drone  
  43  5:53  Drone x2  
  51  6:02  Drone  
  52  6:05  Overlord  
  52  6:06  Queen  
  54  6:17  Drone  
  53  6:19  Drone x4  
  53  6:21  Extractor, Overlord x2  
  53  6:22  Extractor  
  55  6:26  Drone x2  
  55  6:30  Zergling x4  
  55  6:31  Zergling x2  
  60  6:34  Zergling x4  
  61  6:48  Spore Crawler  
  60  7:00  Mutalisk x7  
  60  7:01  Mutalisk  
  75  7:11  Mutalisk  
  77  7:20  Overlord  
  77  7:21  Overlord x2  
  75  7:32  Overlord x2  
  74  7:42  Drone x3  
  74  7:43  Drone  
  78  7:45  Mutalisk  
  78  7:48  Zerg Flyer Armor Level 1  
  78  7:50  Mutalisk  
  78  7:51  Mutalisk x2  
  82  7:54  Mutalisk  
  82  7:57  Drone x2  
  82  7:58  Drone x2  
  91  8:05  Overlord x2  
  91  8:06  Spore Crawler  
  90  8:17  Overlord  
  90  8:22  Overlord  
  90  8:23  Mutalisk x4  
  90  8:25  Zergling x6  
  101  8:29  Zergling x4  
  101  8:30  Zergling x2  
  104  8:34  Mutalisk  
  104  8:38  Zergling x6  
  109  8:42  Zergling x6  
  112  8:56  Mutalisk  
  112  8:57  Mutalisk  
  112  8:59  Zergling x2  
  112  9:00  Zergling x10  
  122  9:14  Mutalisk  
  122  9:16  Overlord x2  
  111  9:28  Mutalisk x2  
  111  9:29  Mutalisk x3  
  118  9:31  Mutalisk  
  118  9:33  Zergling x2  
  118  9:36  Zergling x14  
  118  9:37  Zergling x2  
Tags
 
Add a new tag
Caveats
  • Supply blocks, unpowered buildings, or Contaminate may cause inaccurate times.
  • Supply counts are checked every 10 seconds.